[Event "1st Welsh Masters 2019"]
[Site "Bridgend"]
[Date "2019.08.29"]
[Round "7.3"]
[White "Kett, Tim"]
[Black "Taylor, Adam C"]
[Result "1/2-1/2"]
[ECO "B15"]
[WhiteElo "2245"]
[BlackElo "2402"]
[Annotator "NA"]
[PlyCount "127"]
[EventDate "2019.08.26"]
[EventType "tourn"]
[EventCountry "WLS"]
[SourceTitle "playchess.com"]
[Source "ChessBase"]
[SourceQuality "1"]
[TimeControl "5400+30"]

1. e4 c6 2. d4 d5 3. Nc3 g6 4. Be3 dxe4 5. Nxe4 Qb6 6. Nf3 Bg7 7. Bc4 Bf5 8. Ng3 Qxb2 (8... Qb5 $2 ) (8... Qb4+ $16 9. Nd2 Nf6) 9. Nxf5 Qc3+ 10. Bd2 Qxc4 11. Nxg7+ Kf8 12. Nh5 gxh5 13. Ne5 Qd5 14. O-O f6 15. c4 Qe6 16. Qf3 Nd7 17. Rab1 Nxe5 18. dxe5 Qg4 19. Qd3 b6 20. Rfe1 Qg6 21. Qd7 f5 $18 22. Rb3 e6 23. Ree3 Qe8 24. Qd6+ Kf7 25. Rbd3 Ne7 26. Qa3 Rg8 27. Rh3 Rg7 28. Rxh5 Kg8 29. Rg5 Ng6 30. Qd6 c5 31. h4 Qe7 32. Qxe7 Nxe7 33. Rd7 Rxg5 34. Bxg5 Nc6 35. Bf6 a6 36. Rg7+ Kf8 37. Rxh7 Ra7 38. Rh8+ Kf7 39. h5 b5 40. cxb5 axb5 41. Rc8 Nd4 42. Rxc5 Ne2+ 43. Kh2 Nf4 44. h6 Kg6 45. g3 Nh5 46. Rc6 Rxa2 47. Kg2 Nxf6 48. Rxe6 Kxh6 49. Rxf6+ Kg5 50. Rb6 Rb2 51. Kf3 b4 52. Ke3 b3 53. f4+ Kg4 54. e6 Rb1 55. Kd2 Rb2+ 56. Kd3 Rb1 57. Kd2 Rb2+ 58. Kc3 Re2 59. Kd3 Re4 60. Kc3 Re1 61. Kd4 b2 62. Rxb2 Rxe6 63. Rb3 Re4+ 64. Kd5 1/2-1/2

[Event "1st Welsh Masters 2019"]
[Site "Bridgend"]
[Date "2019.08.29"]
[Round "7.4"]
[White "Willow, Jonah B"]
[Black "Rudd, Jack"]
[Result "1/2-1/2"]
[ECO "B17"]
[WhiteElo "2326"]
[BlackElo "2281"]
[Annotator "NA"]
[PlyCount "257"]
[EventDate "2019.08.26"]
[EventType "tourn"]
[EventCountry "WLS"]
[SourceTitle "playchess.com"]
[Source "ChessBase"]
[SourceQuality "1"]
[TimeControl "5400+30"]

1. e4 c6 2. d4 d5 3. Nc3 dxe4 4. Nxe4 Nd7 5. Ng5 Ngf6 6. Bd3 e6 7. N1f3 Bd6 8. Qe2 h6 9. Ne4 Nxe4 10. Qxe4 Nf6 11. Qe2 c5 12. dxc5 Bxc5 {[%emt 0:00:25] B17: Caro-Kann: Modern Line (4...Nd7)} 13. Bd2 Qd5 {[%emt 0:03:09] [#]} 14. c4 $146 ({Predecessor:} 14. b4 Be7 15. c4 Qd8 16. O-O O-O 17. Rfd1 {0-1 (34) Tseshkovsky,V (2545)-Arkell,K (2521) Hastings 2003}) 14... Qc6 15. b4 Be7 16. Ne5 Qc7 17. O-O O-O 18. Bf4 Qb6 19. a3 a5 20. c5 Qd8 21. Rad1 Nd5 22. Bd2 Qc7 23. Bc4 axb4 24. axb4 b6 25. Rc1 (25. Ng4 $14 Rd8 {[#]} 26. Nxh6+ $1 gxh6 27. Bxh6) 25... bxc5 26. Nd3 (26. Rfe1 $11) 26... Nb6 ({Black should try} 26... Nxb4 $17 27. Bxb4 cxb4) 27. Bf4 (27. Nxc5 $11 {was the only way to keep the balance.} Nxc4 28. Rxc4) 27... Qd8 28. Nxc5 Bxc5 29. bxc5 Nxc4 30. Rfd1 $1 Qf6 ({Better is} 30... Qe8 $1 $15 31. Rxc4 Ba6) 31. Qxc4 Bb7 $1 32. Bd6 Rfc8 33. Qg4 Bc6 34. Qg3 Qf5 35. h3 f6 36. Rc4 e5 37. Rg4 Ra7 38. Rb4 Kh7 39. Qg4 Qxg4 40. hxg4 Ra2 41. Rdb1 Rc2 42. R1b2 Rc1+ 43. Kh2 Ra8 44. Rb6 Bd7 45. f3 e4 46. Rb7 Bc6 47. Rc7 Bd5 48. fxe4 Bxe4 49. Re2 Rc4 50. Re7 Bd5 51. Rd2 Bc6 52. Rc7 Be4 53. Bg3 Ra3 54. Bh4 Bd3 55. Bxf6 Rxg4 56. c6 Be4 57. Be5 (57. Re2 $5 Ra4 58. Rd2 $11) 57... Ra5 58. Bd6 Ra6 59. Be5 Bxc6 60. g3 Rg5 61. Bf4 Rg6 62. Kg1 Re6 63. Kf2 Ra3 64. Kg1 Rf3 $15 65. Rd1 h5 66. Rf1 Rc3 67. Rf2 Kg6 68. Rd2 Rc1+ 69. Kf2 Rc4 70. Re2 Rxe2+ 71. Kxe2 Re4+ 72. Kf2 Bd5 73. Rc5 Bf7 74. Kf3 Ra4 75. Rc6+ Kf5 76. Rc5+ Kf6 77. Be5+ Kg6 78. Bf4 Ra3+ 79. Ke4 Ra6 80. Kf3 Bb3 81. Ke4 Ra4+ 82. Ke3 Bd1 83. Rc6+ Kh7 84. Rc7 Ra5 85. Ke4 Ra6 86. Be5 Rg6 87. Bf4 Bg4 88. Re7 Kg8 89. Be5 Kf8 90. Ra7 Bd1 91. Ra8+ Kf7 92. Ra7+ Kg8 93. Rc7 Rg4+ 94. Kf5 Bb3 95. Bf4 Kh7 96. Rc6 Bf7 97. Rc7 Bg6+ 98. Ke5 h4 99. gxh4 Rxh4 100. Ra7 Rh1 101. Kd4 Rd1+ 102. Ke3 Rd3+ 103. Ke2 Rd5 104. Bc1 Bf5 105. Bb2 Bd7 106. Bc1 Kg6 107. Ra3 Kh5 108. Bd2 g5 109. Be3 Bg4+ 110. Kf2 Rf5+ 111. Kg2 Bf3+ 112. Kg3 Be4 113. Bd2 Rf1 114. Re3 Rg1+ 115. Kf2 Rg2+ 116. Ke1 Bf5 117. Re2 Rg1+ 118. Kf2 Rd1 119. Be3 g4 120. Bf4 Rd3 121. Re3 Rd2+ 122. Re2 Rd7 123. Re1 Kg6 124. Rh1 Rd3 125. Be3 Be4 126. Rh6+ Kg7 127. Re6 Bd5 128. Rd6 g3+ 129. Ke2 1/2-1/2

[Event "1st Welsh Masters 2019"]
[Site "Bridgend"]
[Date "2019.08.29"]
[Round "7.5"]
[White "Toczek, Grzegorz"]
[Black "James, Dai"]
[Result "1-0"]
[ECO "A57"]
[WhiteElo "2246"]
[BlackElo "1858"]
[Annotator "ChessBase"]
[PlyCount "65"]
[EventDate "2019.08.26"]
[EventType "tourn"]
[EventCountry "WLS"]
[SourceTitle "playchess.com"]
[Source "ChessBase"]
[SourceQuality "1"]
[TimeControl "5400+30"]

1. d4 Nf6 2. Nf3 g6 3. c4 c5 4. d5 b5 5. cxb5 d6 6. Nc3 a6 7. e4 axb5 8. Bxb5+ Bd7 9. Bd3 Bg7 10. h3 O-O 11. Qe2 Bc8 12. O-O Ba6 13. Nb5 Nbd7 14. a4 Ne8 15. Bg5 h6 16. Bh4 Ne5 17. Nxe5 Bxe5 18. f4 Bg7 19. Bc4 Nc7 20. Rad1 Qd7 21. e5 Nxb5 22. axb5 Bb7 23. e6 fxe6 24. Qg4 Kh7 25. Rde1 Ra4 26. b3 Ra2 27. Rxe6 Bf6 28. Rfe1 Rf7 29. Bxf6 exf6 30. Bd3 Rg7 31. Bxg6+ Rxg6 32. Re7+ Rg7 33. Qxg7# 1-0

[Event "1st Welsh Masters 2019"]
[Site "Bridgend"]
[Date "2019.08.29"]
[Round "8.1"]
[White "Turner, Matthew J"]
[Black "James, Dai"]
[Result "1-0"]
[ECO "A38"]
[WhiteElo "2519"]
[BlackElo "1858"]
[Annotator "ChessBase"]
[PlyCount "73"]
[EventDate "2019.08.26"]
[EventType "tourn"]
[EventCountry "WLS"]
[SourceTitle "playchess.com"]
[Source "ChessBase"]
[SourceQuality "1"]
[TimeControl "5400+30"]

1. Nf3 Nf6 2. g3 g6 3. Bg2 Bg7 4. O-O c5 5. c4 Nc6 6. Nc3 d5 7. d4 dxc4 8. dxc5 Qa5 9. Qa4 Qxa4 10. Nxa4 O-O 11. Bf4 Nd5 12. Rac1 Nxf4 13. gxf4 Be6 14. Ng5 Bd7 15. Rfd1 Nd4 16. Rxd4 Bxd4 17. Bxb7 Rab8 18. c6 Bc8 19. Rxc4 Bb6 20. Nxb6 axb6 21. Bxc8 Rfxc8 22. Nf3 b5 23. Rc5 Rb6 24. Nd4 b4 25. e3 f6 26. Kf1 Kf7 27. Ke2 Rc7 28. Kd3 Ra6 29. Kc4 Rxa2 30. Kb3 Ra6 31. Kxb4 Rb6+ 32. Kc3 e6 33. b4 Ke7 34. b5 Kd6 35. Kb4 Ra7 36. Rc2 Rc7 37. Ka5 1-0

[Event "1st Welsh Masters 2019"]
[Site "Bridgend"]
[Date "2019.08.29"]
[Round "8.2"]
[White "Rudd, Jack"]
[Black "Toczek, Grzegorz"]
[Result "1-0"]
[ECO "A67"]
[WhiteElo "2281"]
[BlackElo "2246"]
[Annotator "NA"]
[PlyCount "117"]
[EventDate "2019.08.26"]
[EventType "tourn"]
[EventCountry "WLS"]
[SourceTitle "playchess.com"]
[Source "ChessBase"]
[SourceQuality "1"]
[TimeControl "5400+30"]

1. d4 Nf6 2. c4 c5 3. d5 e6 4. Nc3 exd5 5. cxd5 d6 6. e4 g6 7. f4 Bg7 8. Bb5+ Nfd7 9. a4 O-O 10. Nf3 Na6 11. O-O Nc7 12. Bd3 a6 13. Nd2 Rb8 14. Nc4 Nf6 15. e5 dxe5 16. d6 Nce8 17. fxe5 Ng4 18. Qe2 b5 19. axb5 axb5 20. Na5 c4 21. Be4 Bxe5 22. h3 Nxd6 23. hxg4 Qh4 24. Bf4 Bd4+ 25. Rf2 Nxe4 26. Nxe4 Bxg4 27. Qd2 Rbd8 28. Nc6 Bb6 29. Nxd8 Rxd8 30. Bg5 Rd5 31. Qd3 Rxd3 32. Bxh4 Rd1+ 33. Rxd1 Bxd1 34. Nc3 Bc2 35. Nxb5 f5 36. Bf6 Bxf2+ 37. Kxf2 Kf7 38. Bg5 Kg7 39. Nd6 Bd3 40. Ke3 h6 41. Be7 Bf1 42. g3 Kg8 43. Kd4 Kg7 44. Kd5 Bd3 45. Nxc4 g5 46. Ne5 Be4+ 47. Kd4 Bb7 48. b4 f4 49. gxf4 gxf4 50. b5 f3 51. Ke3 h5 52. Bh4 Kh6 53. Kd4 f2 54. Bxf2 Kg5 55. Kc5 Kf5 56. Kd6 Bg2 57. Nc6 Bf1 58. b6 Ba6 59. Kc7 1-0

[Event "1st Welsh Masters 2019"]
[Site "Bridgend"]
[Date "2019.08.29"]
[Round "8.3"]
[White "Taylor, Adam C"]
[Black "Willow, Jonah B"]
[Result "1/2-1/2"]
[ECO "D11"]
[WhiteElo "2402"]
[BlackElo "2326"]
[Annotator "NA"]
[PlyCount "92"]
[EventDate "2019.08.26"]
[EventType "tourn"]
[EventCountry "WLS"]
[SourceTitle "playchess.com"]
[Source "ChessBase"]
[SourceQuality "1"]
[TimeControl "5400+30"]

1. d4 d5 2. Nf3 Nf6 3. g3 Bg4 4. Bg2 e6 5. O-O Nbd7 6. c4 c6 7. b3 Bd6 8. Bb2 O-O 9. Nbd2 Re8 10. Ne5 Bh5 11. Ndf3 Ne4 12. Nxd7 Qxd7 13. Ne5 Qe7 14. Qd3 f6 15. Nf3 Ba3 16. Bxa3 Qxa3 17. Nd2 Nxd2 18. Qxd2 a5 19. Rac1 Qb4 20. Rfd1 Bg6 21. Qc3 Rad8 22. Bf3 Qxc3 23. Rxc3 e5 24. cxd5 e4 25. Bg2 Rxd5 26. e3 Kf8 27. Bf1 Bh5 28. Rdc1 Bf3 29. Rc5 Red8 30. a3 Rxc5 31. Rxc5 Rd5 32. Bh3 Bd1 33. b4 axb4 34. axb4 Rd8 35. Bf5 Bf3 36. Bxh7 Kf7 37. Bf5 Rh8 38. d5 Rd8 39. h4 Rxd5 40. Rxd5 cxd5 41. Kf1 Ke7 42. Ke1 Kd6 43. Kd2 Ke5 44. Bc8 b6 45. Kc3 Be2 46. Bb7 Bf1 1/2-1/2

[Event "1st Welsh Masters 2019"]
[Site "Bridgend"]
[Date "2019.08.29"]
[Round "8.4"]
[White "Waddington, Mike P"]
[Black "Kett, Tim"]
[Result "1/2-1/2"]
[ECO "A05"]
[WhiteElo "2023"]
[BlackElo "2245"]
[Annotator "NA"]
[PlyCount "64"]
[EventDate "2019.08.26"]
[EventType "tourn"]
[EventCountry "WLS"]
[SourceTitle "playchess.com"]
[Source "ChessBase"]
[SourceQuality "1"]
[TimeControl "5400+30"]

1. b3 Nf6 2. Bb2 g6 3. e4 d6 4. Nf3 Bg7 5. d3 O-O 6. Be2 c5 7. O-O Nc6 8. Nbd2 b6 9. a4 Bb7 10. Nc4 d5 11. exd5 Nxd5 12. Bxg7 Kxg7 13. Qd2 Qc7 14. Rfe1 Rad8 15. Bf1 Nd4 16. Nxd4 cxd4 17. Re4 Nf6 18. Rh4 Rd5 19. Qh6+ Kg8 20. Re1 Bc8 21. f4 Rh5 22. Rxh5 Nxh5 23. g3 Bb7 24. Re2 Nf6 25. Qg5 Rd8 26. Qe5 Qxe5 27. Rxe5 Kf8 28. Bg2 Bxg2 29. Kxg2 Nd5 30. Kf3 Nb4 31. Na3 Rc8 32. Re2 f5 1/2-1/2

[Event "1st Welsh Masters 2019"]
[Site "Bridgend"]
[Date "2019.08.29"]
[Round "8.5"]
[White "Varley, Peter"]
[Black "Arkell, Keith C"]
[Result "0-1"]
[ECO "C11"]
[WhiteElo "2171"]
[BlackElo "2445"]
[Annotator "NA"]
[PlyCount "50"]
[EventDate "2019.08.26"]
[EventType "tourn"]
[EventCountry "WLS"]
[SourceTitle "playchess.com"]
[Source "ChessBase"]
[SourceQuality "1"]
[TimeControl "5400+30"]

1. d4 e6 2. e4 d5 3. Nc3 Nf6 4. e5 Nfd7 5. f4 c5 6. Nf3 Nc6 7. Be3 a6 8. Qd2 Be7 9. dxc5 Nxc5 10. Qf2 Qa5 11. O-O-O Ne4 12. Nxe4 dxe4 13. Nd2 Qxa2 14. Bc4 Qa1+ 15. Nb1 b5 16. Be2 O-O 17. Bc5 b4 18. h4 Rb8 19. Bxe7 Nxe7 20. Qa7 Nc6 21. Qe3 Ne7 22. Qa7 Bb7 23. Rd7 Nc6 24. Qb6 Na5 25. Qxb4 Bc6 0-1

[Event "1st Welsh Masters 2019"]
[Site "Bridgend"]
[Date "2019.08.30"]
[Round "9.2"]
[White "Kett, Tim"]
[Black "Varley, Peter"]
[Result "0-1"]
[ECO "C37"]
[WhiteElo "2245"]
[BlackElo "2171"]
[Annotator "NA"]
[PlyCount "70"]
[EventDate "2019.08.26"]
[EventType "tourn"]
[EventCountry "WLS"]
[SourceTitle "playchess.com"]
[Source "ChessBase"]
[SourceQuality "1"]
[TimeControl "5400+30"]

1. e4 e5 2. f4 exf4 3. Nf3 g5 4. Nc3 Bg7 5. d4 d6 6. g3 {[%emt 0:02:55] C37: King's Gambit Accepted: Muzio Gambit} g4 7. Nh4 f3 8. Be3 Nc6 9. Qd2 h5 10. O-O-O a6 $146 ({Predecessor:} 10... Nge7 11. h3 Bd7 12. Bc4 Be6 {1-0 (22) Ponomariov,R (2712)-Dominguez Perez,L (2732) Huaian 2016}) 11. Bc4 Na5 12. Bd3 b5 13. b3 c6 14. Rhe1 (14. e5 $5) 14... Kf8 (14... Nb7 $11) 15. Bg5 {[%emt 0:08:11] [#]} Qxg5 $1 16. Qxg5 Bh6 17. Qf4 Bxf4+ 18. gxf4 c5 (18... Nb7 $17 19. e5 Ne7) 19. dxc5 dxc5 20. e5 Bb7 21. Be4 Rh6 22. Rd7 Bc6 23. Bxc6 Nxc6 24. Ne4 Rd8 25. Nxc5 Rxd7 26. Nxd7+ Ke8 27. Nc5 Nd4 28. Kd2 Rc6 29. b4 Ne7 30. Kd3 Ne6 31. Nxe6 fxe6 $19 (31... Rxe6 $2 32. f5 $19) 32. a4 Rc4 33. axb5 axb5 34. h3 Rxf4 35. hxg4 hxg4 0-1

[Event "1st Welsh Masters 2019"]
[Site "Bridgend"]
[Date "2019.08.30"]
[Round "9.3"]
[White "Willow, Jonah B"]
[Black "Waddington, Mike P"]
[Result "1-0"]
[ECO "B00"]
[WhiteElo "2326"]
[BlackElo "2023"]
[Annotator "NA"]
[PlyCount "63"]
[EventDate "2019.08.26"]
[EventType "tourn"]
[EventCountry "WLS"]
[SourceTitle "playchess.com"]
[Source "ChessBase"]
[SourceQuality "1"]
[TimeControl "5400+30"]

1. e4 e6 2. d4 b6 3. Bd3 Bb7 4. Nf3 c5 5. c3 Nf6 6. Qe2 Be7 7. h4 {[%emt 0:01:27] B00: Queen's Fianchetto Defence, Nimzowitsch Defence} (7. O-O d5 8. e5 Nfd7 9. Nbd2 Qc8 10. Re1 cxd4 11. cxd4 Ba6 12. Nf1 Bxd3 13. Qxd3 Qa6 14. Qd1 Nc6 15. a3 {1-0 (29) Vitiugov,N (2725)-Edouard,R (2636) Berlin 2015}) 7... Nc6 8. a3 Na5 9. Nbd2 c4 10. Bc2 b5 $146 ({Predecessor:} 10... Qc7 11. e5 Nd5 12. Ne4 O-O-O 13. Bg5 f6 14. Be3 f5 {½-½ (35) Vidic,T (1707)-Bucinskas,L Mureck 2010}) 11. Nf1 Qc7 12. Ng3 a6 13. h5 h6 14. Bd2 Nb3 15. Rd1 Nxd2 16. Qxd2 d5 17. e5 Ne4 18. Qf4 Nxg3 19. Qxg3 Bf8 20. O-O Qe7 21. Nh2 O-O-O $16 22. f4 Re8 23. f5 Qg5 24. Qxg5 hxg5 25. fxe6 fxe6 26. Bg6 Rd8 27. Rf7 Rd7 28. Rdf1 Rxf7 29. Rf2 Rf6 30. Rxf6 a5 31. Rf7 b4 32. Nf3 1-0

[Event "1st Welsh Masters 2019"]
[Site "Bridgend"]
[Date "2019.08.30"]
[Round "9.4"]
[White "Toczek, Grzegorz"]
[Black "Taylor, Adam C"]
[Result "1-0"]
[ECO "D42"]
[WhiteElo "2246"]
[BlackElo "2402"]
[Annotator "NA"]
[PlyCount "81"]
[EventDate "2019.08.26"]
[EventType "tourn"]
[EventCountry "WLS"]
[SourceTitle "playchess.com"]
[Source "ChessBase"]
[SourceQuality "1"]
[TimeControl "5400+30"]

1. e4 c6 2. d4 d5 3. exd5 cxd5 4. c4 Nf6 5. Nc3 Nc6 6. Nf3 e6 7. cxd5 Nxd5 8. Bd3 Be7 9. O-O O-O 10. Re1 Re8 11. a3 {[%emt 0:06:08] D42: Queen's Gambit Declined: Semi-Tarrasch: 5 cxd5 Nxd5 6 e3 Nc6 7 Bd3} Nxc3 12. bxc3 b6 {[%emt 0:00:19] [#]} 13. Bb5 $146 (13. Qc2 $1 $16) ({Predecessor:} 13. h4 Bb7 14. Ng5 Bxg5 15. Bxg5 Qd7 16. Qg4 f5 17. Qg3 Na5 18. Re3 Rac8 {1-0 (42) Predojevic,B (2621)-Subelj,J (2407) Sarajevo 2019}) 13... Bb7 14. Ne5 Qc7 15. Qh5 Nxe5 16. Bxe8 Qxc3 17. Be3 Nf3+ 18. gxf3 Rxe8 19. Rec1 Qb2 20. Rab1 Qe2 21. Rc7 $11 Bd5 22. Rbc1 g6 23. Qg4 Bxa3 24. Rc8 Bxc1 25. Rxe8+ Kg7 26. Qf4 Bxe3 27. Qe5+ Kh6 28. Qxe3+ Qxe3 29. fxe3 Bxf3 30. Re7 Kg7 31. Rxa7 b5 32. Ra6 Bd5 33. Rb6 Bc4 34. Kf2 g5 35. e4 f6 36. Kg3 Kg6 37. h4 gxh4+ 38. Kxh4 f5 39. d5 fxe4 40. d6 Kf6 41. Rb8 1-0

[Event "1st Welsh Masters 2019"]
[Site "Bridgend"]
[Date "2019.08.30"]
[Round "9.5"]
[White "James, Dai"]
[Black "Rudd, Jack"]
[Result "0-1"]
[ECO "B10"]
[WhiteElo "1858"]
[BlackElo "2281"]
[Annotator "ChessBase"]
[PlyCount "58"]
[EventDate "2019.08.26"]
[EventType "tourn"]
[EventCountry "WLS"]
[SourceTitle "playchess.com"]
[Source "ChessBase"]
[SourceQuality "1"]
[TimeControl "5400+30"]

1. e4 c6 2. d3 d5 3. Nd2 Nf6 4. g3 g6 5. Bg2 Bg7 6. Ne2 O-O 7. O-O Na6 8. c3 Nc5 9. Qc2 dxe4 10. dxe4 Qd3 11. Qxd3 Nxd3 12. Nf4 Nxc1 13. Raxc1 e5 14. Ne2 Bh6 15. Rcd1 Bg4 16. f3 Be3+ 17. Kh1 Be6 18. b3 b5 19. h3 a5 20. f4 Rfd8 21. fxe5 Nd7 22. Nf3 a4 23. Ned4 axb3 24. Nxc6 bxa2 25. Nxd8 Rxd8 26. Nd4 Bc4 27. e6 fxe6 28. Rfe1 Bf2 29. Nc6 Ra8 0-1